 Dungeon Crawl Stone Soup version 0.30-a0-883-g5ad918d77d (webtiles) character file.

Game seed: 13035899219761892771

269 FallingFreak the Grasshopper (level 6, -4/51 HPs)
             Began as a Ghoul Warper on Mar 15, 2023.
             Was an Initiate of Okawaru.
             Slain by an iguana (10 damage)
             ... on level 5 of the Dungeon.
             The game lasted 00:27:23 (7595 turns).

FallingFreak the Grasshopper (Ghoul Warper)         Turns: 7595, Time: 00:27:24

Health: -4/51      AC:  8    Str: 15    XL:     6   Next: 22%
Magic:  9/9        EV:  9    Int: 10    God:    Okawaru [......]
Gold:   208        SH:  0    Dex:  8    Spells: 3/10 levels left

rFire   . . .      SeeInvis .    b - +0 war axe
rCold   + . .      Faith    .    (no shield)
rNeg    + + +      Spirit   .    l - +0 scale mail
rPois   ∞          Reflect  .    y - +0 hat
rElec   .          Rampage  .    B - +0 cloak
rCorr   .                        u - +0 pair of gloves
Will    .....                    (no boots) Stlth
                                 (no amulet)
HPRegen 0.00/turn                (no ring)
MPRegen 0.11/turn                (no ring)

@: inhibited regen
A: claws 1, cold resistance 1, negative energy resistance 3, inhibited
regeneration, torment resistance 2, devour on kill
a: Renounce Religion


You were on level 5 of the Dungeon.
You worshipped Okawaru.
Okawaru was noncommittal.
You visited 2 branches of the dungeon, and saw 6 of its levels.

You collected 208 gold pieces.

Inventory:

Hand Weapons
 a - a +0 spear
 b - a +0 war axe (weapon)
Missiles
 d - 3 boomerangs of dispersal (quivered) {!f}
Armour
 e - a +0 chain mail
 j - a +0 leather armour
 k - a +0 ring mail
 l - a +0 scale mail (worn)
 u - a +0 pair of gloves (worn)
 y - a +0 hat (worn)
 B - a +0 cloak (worn)
Scrolls
 c - 3 scrolls of teleportation {unknown}
 f - 2 scrolls of blinking
 i - 2 scrolls of noise {unknown}
 m - a scroll of immolation {unknown}
 n - a scroll of enchant armour {unknown}
 o - a scroll of enchant weapon {unknown}
 p - a scroll of magic mapping {unknown}
 r - a scroll of amnesia {unknown}
 x - a scroll of vulnerability {unknown}
Potions
 g - a potion of degeneration {unknown}
 h - 3 potions of might {unknown}
 q - a potion of flight {unknown}
 s - a potion of brilliance {unknown}
 t - 2 potions of heal wounds {unknown}
 w - a potion of berserk rage {unknown}
 A - a potion of cancellation {unknown}


   Skills:
 + Level 3.6 Fighting
 + Level 3.0 Polearms
 - Level 0.8 Throwing
 + Level 2.4 Armour
 - Level 1.7 Dodging
 + Level 2.8 Spellcasting
 + Level 3.6 Translocations


You had 3 spell levels left.
You knew the following spells:

 Your Spells              Type           Power      Damage    Failure   Level
c - Blink                 Tloc           16%        N/A       36%         2
A - Teleport Other        Tloc           8%         N/A       58%         3
Z - Lesser Beckoning      Tloc           16%        N/A       36%         2

Your spell library contained the following spells:

 Spells                   Type           Power      Damage    Failure   Level
 Gell's Gravitas          Tloc           8%         N/A       58%         3
 Kiss of Death            Conj/Necr      4%         2d5       73%         1
 Magic Dart               Conj           4%         1d3       73%         1
 Vhi's Electric Charge    Tloc/Air       10%        N/A       83%         3
 Confusing Touch          Hex            1%         N/A       97%         3
 Mephitic Cloud           Conj/Pois/Air  1%         N/A       97%         3
 Manifold Assault         Tloc           8%         N/A       94%         4
 Dispel Undead            Necr           1%         3d6       100%        4
 Petrify                  Tmut/Erth      1%         N/A       100%        4
 Irradiate                Conj/Tmut      0%         3d11      100%        5
 Call Imp                 Summ           Unusable   N/A       N/A         2
 Sublimation of Blood     Necr           Unusable   N/A       N/A         2

Dungeon Overview and Level Annotations

Branches:
Dungeon (5/15) Zot: 22557  Temple (1/1) D:4 Zot: 5832

Altars:
Ashenzari
Cheibriados
Dithmenos
Fedhas
Gozag
Hepliaklqana
Kikubaaqudgha
Makhleb
Nemelex Xobeh
Okawaru
Qazlal
Ru
Sif Muna
Trog
Uskayaw
Vehumet
Wu Jian
Xom
Yredelemnul


Innate Abilities, Weirdness & Mutations

You are immune to poison.
You have sharp fingernails.
Your flesh is cold resistant. (rC+)
You are immune to negative energy. (rN+++)
You do not regenerate when monsters are visible.
You are immune to unholy pain and torment.
You thrive by killing the living.


Message History

Cleave: b) +0 war axe
Press: ? - help, Dir - move target, f/p - iguana
Aim: an iguana (moderately wounded, about 46% to evade your +0 war axe)
You hit the iguana.
The iguana is heavily wounded.
The iguana bites you!
* * * LOW HITPOINT WARNING * * *
Unknown command.
Cleave: b) +0 war axe
Press: ? - help, Dir - move target, f/p - iguana
Aim: an iguana (heavily wounded, about 46% to evade your +0 war axe)
You hit the iguana.
The iguana is severely wounded.
The iguana barely misses you. The iguana bites you.
* * * LOW HITPOINT WARNING * * *
Unknown command.
Cleave: b) +0 war axe
Press: ? - help, Dir - move target, f/p - iguana
Aim: an iguana (severely wounded, about 46% to evade your +0 war axe)
You barely miss the iguana.
The iguana is severely wounded.
The iguana bites you.
* * * LOW HITPOINT WARNING * * *
Unknown command.
Cleave: b) +0 war axe
Press: ? - help, Dir - move target, f/p - iguana
Aim: an iguana (severely wounded, about 46% to evade your +0 war axe)
You hit the iguana but do no damage.
The iguana is severely wounded.
The iguana bites you but does no damage.
The iguana bites you.
* * * LOW HITPOINT WARNING * * *
Unknown command.
Cleave: b) +0 war axe
Press: ? - help, Dir - move target, f/p - iguana
Aim: an iguana (severely wounded, about 46% to evade your +0 war axe)
You closely miss the iguana.
The iguana is severely wounded.
The iguana bites you!
You die...

#..##.#....##'##....####
#..######@##..#........#
#...# #.)l...#........#
#...# #......#........#
#...# #......#........#
##### #......'.[...o..#
. #..###'#........##'#
#.........#####.....
#.........# #.....
#.........# +.....
#.........+ #.....
#.........# #.....
#......#'### ..####
#......#...# ..#...
#......'...+ ...#..o
#......#####. ..
##............ .


You could see an iguana.

Vanquished Creatures
  A hound (D:5)
  2 orc priests (D:5)
  An orc wizard (D:5)
  3 adders
  A shadow imp (D:4)
  An ufetubus (D:5)
  5 worms
  A dart slug (D:1)
  14 orcs
  7 ball pythons
  3 endoplasms
  3 giant cockroaches
  7 goblins
  8 hobgoblins
  9 jackals
  3 quokkas
  7 bats
  4 frilled lizards
  A kobold (D:3)
  5 rats
86 creatures vanquished.

Notes
Turn   | Place    | Note
-------+----------+-------------------------------------------
     0 | D:1      | FallingFreak the Ghoul Warper began the quest for the Orb.
     0 | D:1      | Reached XP level 1. HP: 17/17 MP: 2/2
   123 | D:1      | Reached skill level 1 in Armour
   304 | D:1      | Reached XP level 2. HP: 25/25 MP: 3/3
   955 | D:1      | Increase (s)trength, (i)ntelligence, or (d)exterity?
   955 | D:1      | Reached XP level 3. HP: 27/30 MP: 5/5
  1777 | D:2      | Reached XP level 4. HP: 37/37 MP: 6/6
  1830 | D:2      | Learned a level 2 spell: Blink
  1833 | D:2      | Learned a level 2 spell: Lesser Beckoning
  1837 | D:2      | Learned a level 3 spell: Teleport Other
  3877 | D:4      | Reached XP level 5. HP: 45/45 MP: 7/7
  3885 | D:4      | Found a staircase to the Ecumenical Temple.
  3892 | Temple   | Entered the Ecumenical Temple
  4129 | D:4      | Found an iron altar of Okawaru.
  4130 | D:4      | Found a stormy altar of Qazlal.
  4130 | D:4      | Found a bloodstained altar of Trog.
  4131 | D:4      | Found a sacrificial altar of Ru.
  4137 | D:4      | Became a worshipper of Warmaster Okawaru
  4438 | D:5      | Entered Level 5 of the Dungeon
  4566 | D:5      | Noticed an ogre
  7123 | D:5      | Reached XP level 6. HP: 29/51 MP: 9/9
  7595 | D:5      | Slain by an iguana

Illustrated notes

Levels and vault maps discovered:
D:1:      ebering_trefoil_twist, layout_loops_ring, minmay_heptomino_w4
D:2:      layout_basic, kennysheep_generic_room_7
D:3:      layout_basic, minmay_ruptured
D:4:      layout_loops_ring, chequers_temple_overflow_statue_of_worship,
          minmay_temple_entry_mist
D:5:      layout_gridville, enter_ossuary_2, nicolae_kite_square_tiling_tiny
Temple:   nicolae_temple_bog_church

Skill      XL: |  1  2  3  4  5  6 |
---------------+-------------------+-----
Armour         | 1 2 |  2.4
Polearms       | 2 3 |  3.0
Spellcasting   | 2 |  2.8
Translocations | 3 |  3.6
Fighting       | 3 |  3.6
Throwing       | |  0.8
Dodging        | |  1.7

Action                     |  1- 3 |  4- 6 || total
---------------------------+-------+-------++-------
  Melee: Spear             |   130 |   398 ||   528
         Punch             |       |     3 ||     3
         War axe           |       |    18 ||    18
  Throw: Dart              |       |    11 ||    11
         Boomerang         |       |     4 ||     4
   Cast: Blink             |       |     1 ||     1
    Use: Potion            |       |     4 ||     4
         Scroll            |       |     3 ||     3
 Armour: Chain mail        |    43 |       ||    43
         Leather armour    |     1 |       ||     1
         Scale mail        |       |   149 ||   149
         Ring mail         |       |    17 ||    17
  Dodge: Dodged            |    29 |   151 ||   180

Table legend: (Time is in decaauts)
 A = Elapsed time spent in this place.
 B = Non-inter-level travel time spent in this place.
 C = Inter-level travel time spent in this place.
 D = Time resting spent in this place.
 E = Time spent auto-exploring this place.
 F = Levels seen in this place.
 G = Mean time per level.
                   A        B        C        D        E       F      G
               +--------+--------+--------+--------+--------+-----+--------+
         Total |   7608 |   7162 |    446 |   3183 |   2585 |   6 | 1268.0 |
       Dungeon |   7441 |   7014 |    427 |   3183 |   2451 |   5 | 1488.2 |
        Temple |    167 |    148 |     19 |      0 |    134 |   1 |  167.0 |
               +--------+--------+--------+--------+--------+-----+--------+

Top non-repeatable levels by time:
     D:4: 2767 daAuts
     D:2: 1460 daAuts
     D:1: 1262 daAuts
     D:5: 1097 daAuts
     D:3: 853 daAuts
  Temple: 167 daAuts
